 Dungeon Crawl Stone Soup version 0.29.1-2-gbd0b4ee654 (webtiles) character file.

Game seed: 16809188106112111695

135 GeoRichter the Slasher (level 4, -4/26 HPs)
             Began as a Vampire Gladiator on Nov 13, 2022.
             Slain by a kobold brigand
             ... wielding a +0 whip
              (7 damage)
             ... in a sewer.
             The game lasted 00:05:22 (2671 turns).

GeoRichter the Slasher (Vampire Gladiator)          Turns: 2671, Time: 00:05:23

Health: -4/26      AC:  7    Str: 13    XL:     4   Next: 96%
Magic:  4/4        EV: 11    Int: 10    God:
Gold:   120        SH:  0    Dex: 17    Spells: 3/3 levels left

rFire   . . .      SeeInvis +   a - +0 long sword
rCold   + + .      Faith    .   (no shield)
rNeg    + + +      Spirit   .   o - +0 ring mail
rPois   ∞          Reflect  .   c - +0 helmet
rElec   .          Harm     .   (no cloak)
rCorr   .          Rampage  .   (no gloves)
Will    +....                   g - +0 pair of boots
Stlth   +++.......              (no amulet)
HPRegen 0.00/turn               p - ring of willpower
MPRegen 0.09/turn               (no ring)

@: bloodless, inhibited regen
A: bloodless, fangs 3, see invisible, vampiric 2
a: Bat Form, Revivify


You were in a sewer.
You visited 1 branch of the dungeon, and saw 3 of its levels.
You also visited: Sewer.

You collected 120 gold pieces.

Inventory:

Hand Weapons
 a - a +0 long sword (weapon)
Missiles
 d - 3 throwing nets (quivered) {!f}
 e - a javelin
Armour
 c - a +0 helmet (worn)
 g - a +0 pair of boots (worn)
   (You found it on level 1 of the Dungeon)
 o - a +0 ring mail (worn)
   (You found it on level 2 of the Dungeon)
Jewellery
 n - a ring of fire
   (You found it on level 2 of the Dungeon)
 p - a ring of willpower (left hand)
   (You found it on level 3 of the Dungeon)
Scrolls
 b - a scroll of teleportation {unknown}
 h - a scroll of identify {unknown}
 j - a scroll of vulnerability {unknown}
 m - a scroll of poison {unknown}
Potions
 f - a potion of berserk rage {unknown}
 i - 2 potions of flight {unknown}
 k - 2 potions of might {unknown}
 l - 2 potions of invisibility {unknown}
 q - a potion of haste {unknown}


   Skills:
 - Level 1.7 Fighting
 * Level 5.7 Long Blades
 - Level 1.5 Throwing
 - Level 3.2 Dodging


You had 3 spell levels left.
You didn't know any spells.
Your spell library contained the following spells:

 Spells                   Type           Power      Damage    Failure   Level
 Gell's Gravitas          Tloc           0%         N/A       94%         3
 Teleport Other           Tloc           0%         N/A       94%         3
 Dispersal                Tloc           0%         N/A       100%        6


Dungeon Overview and Level Annotations

Branches:
Dungeon (3/15) Zot: 15435   Sewer (1/1) Zot: 5851

Altars:
Trog


Innate Abilities, Weirdness & Mutations

You do not regenerate when monsters are visible.
You are frail without blood (-20% HP).
You can heal yourself when you bite living creatures.
You are immune to poison.
You have razor-sharp teeth.
You have supernaturally acute eyesight. (SInv)
You are afflicted with vampirism and can become a bat while bloodless.


Message History

Things that are here:
a +0 dagger; 4 stones You barely miss the kobold.
The kobold closely misses you. The kobold brigand closely misses you.
The kobold hits you but does no damage.
The kobold brigand throws a curare-tipped dart.
The curare-tipped dart closely misses you.
The kobold closely misses you.
The kobold throws a poisoned dart.
The poisoned dart hits you!
You closely miss the kobold. The kobold hits you but does no damage.
You hit the kobold brigand. You closely miss the kobold brigand.
The kobold closely misses you.
You closely miss the kobold brigand. Your bite misses the kobold brigand.
The kobold barely misses you. The kobold brigand barely misses you.
You barely miss the kobold brigand.
The kobold brigand hits you with a +0 whip.
The kobold barely misses you.
The kobold brigand hits you with a +0 whip!
The kobold closely misses you.
You hit the kobold brigand but do no damage.
The kobold brigand barely misses you. The kobold hits you but does no damage.
You closely miss the kobold brigand. Your bite misses the kobold brigand.
The kobold misses you.
The kobold brigand hits you but does no damage.
You slash the kobold brigand! Your bite misses the kobold brigand.
The kobold hits you with a +0 short sword.
The kobold brigand misses you.
You closely miss the kobold brigand.
The kobold hits you with a +0 short sword.
The kobold brigand barely misses you.
You slash the kobold brigand!
The kobold brigand hits you but does no damage.
The kobold hits you with a +0 short sword.
You barely miss the kobold brigand.
The kobold hits you with a +0 short sword.
* * * LOW HITPOINT WARNING * * *
The kobold brigand hits you with a +0 whip!
* * * LOW HITPOINT WARNING * * *
You slash the kobold brigand! The kobold hits you but does no damage.
The kobold brigand hits you with a +0 whip.
* * * LOW HITPOINT WARNING * * *
You closely miss the kobold brigand. The kobold brigand barely misses you.
The kobold hits you but does no damage.
The kobold brigand hits you but does no damage.
The kobold completely misses you.
You hit the kobold brigand. Your bite misses the kobold brigand.
The kobold hits you but does no damage.
The kobold brigand hits you but does no damage.
You closely miss the kobold brigand.
The kobold brigand hits you with a +0 whip!
You die...

##.....~~~~~≈
#.....~~~#~≈
##....P~~#~≈
#......~#
#......~#
#.......#
##...~.~#
#...~~~#
###@K~~#
##K'## #.K..#
#)...# #..∩.#
#.!!?# ######


You could see a kobold brigand and 2 kobolds.

Vanquished Creatures
  Robin (D:2)
  3 adders
  4 dart slugs
  An orc (D:3)
  10 ball pythons
  4 bats
  6 endoplasms
  6 giant cockroaches
  13 goblins
  6 hobgoblins
  4 jackals (D:2)
  7 kobolds
  2 quokkas
  7 frilled lizards
  8 rats
82 creatures vanquished.

Notes
Turn   | Place    | Note
-------+----------+-------------------------------------------
     0 | D:1      | GeoRichter the Vampire Gladiator began the quest for the
                  | Orb.
     0 | D:1      | Reached XP level 1. HP: 16/16 MP: 1/1
   287 | D:1      | Reached XP level 2. HP: 14/17 MP: 2/2
   515 | D:1      | Reached skill level 4 in Long Blades
   597 | D:1      | Found a faded altar of an unknown god.
   757 | D:1      | Gained mutation: You are afflicted with vampirism and can
                  | become a bat while bloodless. [Vampire growth]
   757 | D:1      | Reached XP level 3. HP: 21/21 MP: 3/3
  1790 | D:2      | Reached XP level 4. HP: 24/26 MP: 4/4
  1818 | D:2      | Noticed Robin
  1856 | D:2      | Killed Robin
  1857 | D:2      | Reached skill level 5 in Long Blades
  2346 | D:3      | Found a bloodstained altar of Trog.
  2411 | D:3      | Found a glowing drain.
  2535 | Sewer    | Entered a sewer
  2649 | Sewer    | Noticed a kobold brigand
  2671 | Sewer    | Slain by a kobold brigand

Illustrated notes

Levels and vault maps discovered:
D:1:      evilmike_arrival_rings, layout_basic,
          hellmonk_ecumenical_altar_heavens_door, minmay_misc_feat_encased
D:2:      layout_rooms, minivault_14, kennysheep_boxes, uniq_robin
D:3:      layout_basic, bloody_trog, lemuel_doored_altar,
          nicolae_tso_swordbearing_angel, portal_sewer_entry_a
Sewer:    kennysheep_pipe_town

Skill      XL: |  1  2  3  4 |
---------------+-------------+-----
Long Blades    | 4 5 |  5.7
Fighting       | |  1.7
Throwing       | |  1.5
Dodging        | |  3.2

Action                   |  1- 3 |  4- 6 || total
-------------------------+-------+-------++-------
Melee: Long sword        |   111 |   101 ||   212
       Bite              |    13 |     5 ||    18
       Punch             |     2 |       ||     2
 Abil: Exsanguinate      |     1 |       ||     1
 Stab: Sleeping          |    10 |       ||    10
Armor: Leather armour    |    18 |       ||    18
       Ring mail         |     5 |    57 ||    62
Dodge: Dodged            |    67 |    67 ||   134
